 Dungeon Crawl Stone Soup version 0.30-a0-223-gcb0039aa0c (webtiles) character file.

Game seed: 5934379736094258468

247 qw the Chopper (level 6, -6/38 HPs)
             Began as a Gargoyle Fighter on Oct 9, 2022.
             Mangled by an ogre
             ... wielding a +0 giant club
              (22 damage)
             ... on level 5 of the Dungeon.
             The game lasted 00:01:23 (2803 turns).

qw the Chopper (Gargoyle Fighter)                   Turns: 2803, Time: 00:01:23

Health: -6/38      AC: 16    Str: 26    XL:     6   Next: 11%
Magic:  2/2        EV:  7    Int:  8    God:
Gold:   168        SH:  4    Dex:  9    Spells: 5/5 levels left

rFire   . . .      SeeInvis .    k - +7 war axe of Umox {antimagic, rN+ Str+4}
rCold   . . .      Faith    .    c - +0 buckler
rNeg    + + .      Spirit   .    g - +0 chain mail
rPois   inf        Reflect  .    i - +1 helmet
rElec   +          Harm     .    j - +0 cloak
rCorr   .          Rampage  .    (no gloves)
Will    .....                    (no boots)
Stlth   ..........               (no amulet)
HPRegen 0.26/turn                (no ring)
MPRegen 0.08/turn                (no ring)

@: no status effects
A: sickness immunity, AC +4, negative energy resistance 1, electricity
resistance, torment resistance 1, petrification resistance
a: no special abilities


You were on level 5 of the Dungeon.
You visited 1 branch of the dungeon, and saw 5 of its levels.

You collected 168 gold pieces.


Innate Abilities, Weirdness & Mutations

You are immune to sickness and miasma.
Your stone body is resilient. (AC +4)
You are immune to poison.
You resist negative energy. (rN+)
You are resistant to electric shocks. (rElec)
You are resistant to unholy torment.
You are immune to petrification.


   Skills:
 + Level 3.9 Fighting
 - Level 5.0 Axes
 - Level 1.5 Throwing
 - Level 3.2 Armour
 - Level 3.2 Shields


You had 5 spell levels left.
You didn't know any spells.
Your spell library was empty.

Inventory:

Hand Weapons
 k - the +7 war axe of Umox (weapon) {antimagic, rN+ Str+4}
   (You found it on level 4 of the Dungeon)

   It reduces the magical energy of the wielder, and disrupts the spells and
   magical abilities of those it strikes.
   Natural abilities and divine invocations are not affected.
   Str:       It affects your strength (+4).
   rN:        It protects you from negative energy.
 o - a +0 morningstar
Missiles
 e - 4 silver javelins (quivered)
Armour
 c - a +0 buckler (worn)
 g - a +0 chain mail (worn)
 i - a +1 helmet (worn)
 j - a +0 cloak (worn)
Scrolls
 f - a scroll of identify
 m - 3 scrolls of teleportation
Potions
 a - a potion of haste
 b - a potion of heal wounds {unknown}
 d - a potion of might
 h - 2 potions of curing
 l - a potion of invisibility {unknown}
 n - a potion of resistance {unknown}

Dungeon Overview and Level Annotations

Branches:
Dungeon (5/15)
 Temple: D:4-7

Altars:


Message History

You barely miss the gnoll bouda. The gnoll hits you but does no damage.
The gnoll bouda barely misses you.
You closely miss the gnoll bouda. The gnoll hits you but does no damage.
The gnoll bouda hits you but does no damage.
The gnoll hits you but does no damage.
You barely miss the gnoll bouda.
The gnoll bouda hits you with a +0 whip.
The gnoll hits you from afar with a +0 spear.
The gnoll bouda barks out a call to the hunt!
The gnoll picks up the pace!
You barely miss the gnoll bouda. The gnoll hits you but does no damage.
The gnoll bouda barely misses you.
You slash the gnoll bouda!
The gnoll bouda is severely wounded.
The gnoll hits you but does no damage.
The gnoll bouda hits you with a +0 whip.
The gnoll hits you from afar with a +0 spear.
You slash the gnoll bouda!
You kill the gnoll bouda!
The gnoll hits you but does no damage.
You have reached level 6!
There is a stone staircase leading down here.
You hit the gnoll but do no damage. You hit the gnoll.
The gnoll is no longer moving quickly.
The gnoll hits you but does no damage. x2
You closely miss the gnoll.
The gnoll is moderately wounded.
You slash the gnoll! The gnoll closely misses you.
The gnoll hits you but does no damage. x2
You slash the gnoll!
You kill the gnoll!
You barely miss the ogre. You hit the gnoll.
The ogre hits you with a +0 giant club! You block the gnoll's attack.
You completely miss the gnoll.
The gnoll is heavily wounded.
You barely miss the ogre. You block the gnoll's attack.
The ogre hits you with a +0 giant club!!
Ouch! That really hurt!
You die...

.############.#
#.#.........<#.#
#.#.########.#.#
#.#.#........#.#
#.#.#.##...#.#.# .
#.#.# ##.#.#.#.# ...##
#.#.#.##.#.#.#.#
.$....#g#....#.#.#.#.#
.....gO@..#..#.#.#.#.#
......#)#.#..#.#.#.#.#
...## #.#.# .#.#.#...#
. #.#.# .#.#.#####
....# # #.#.# #.###
...


You could see an ogre and 2 gnolls.

Vanquished Creatures
  A jelly (D:4)
  A gnoll bouda (D:5)
  An orc wizard (D:3)
  A gnoll (D:5)
  5 adders
  A worm (D:3)
  3 dart slugs
  4 orcs (D:3)
  6 endoplasms
  4 giant cockroaches
  13 goblins
  8 hobgoblins
  10 jackals
  3 quokkas
  5 ball pythons
  7 bats
  7 frilled lizards
  8 kobolds
  7 rats
95 creatures vanquished.

Notes
Turn   | Place    | Note
-------+----------+-------------------------------------------
     0 | D:1      | qw the Gargoyle Fighter began the quest for the Orb.
     0 | D:1      | Reached XP level 1. HP: 14/14 MP: 1/1
     0 | D:1      | 0 ||| qw: Version: 0.2-a-17-g06abaee
     0 | D:1      | 0 ||| qw: Game counter: 2059
     0 | D:1      | 0 ||| qw: Always use a shield: true
     0 | D:1      | 0 ||| qw: God list: Okawaru
     0 | D:1      | 0 ||| qw: Allow faded altars: false
     0 | D:1      | 0 ||| qw: Do Orc after D:15 true
     0 | D:1      | 0 ||| qw: Do second Lair branch before Depths: true
     0 | D:1      | 0 ||| qw: Lair rune preference: random
     0 | D:1      | 0 ||| qw: Plans: Normal, Zot:1-4, God:TSO, Crypt, Tomb,
                  | Pan, Slime:5, Hells, Abyss, Orb
     0 | D:1      | 0 ||| PLANNING D:1-11
    38 | D:1      | 38 ||| Stepping ~*~*~tactically~*~*~ (stealth).
    43 | D:1      | 43 ||| Stepping ~*~*~tactically~*~*~ (stealth).
    58 | D:1      | Reached skill level 2 in Axes
   151 | D:1      | Reached XP level 2. HP: 19/19 MP: 2/2
   320 | D:1      | Reached skill level 3 in Axes
   326 | D:1      | Reached XP level 3. HP: 23/23 MP: 3/3
   373 | D:1      | 373 ||| Stepping ~*~*~tactically~*~*~ (hiding).
   484 | D:1      | 484 ||| Stepping ~*~*~tactically~*~*~ (hiding).
   823 | D:1      | 823 ||| UPGRADING to +0 cloak.
   828 | D:1      | 828 ||| DROPPING +6 ring of intelligence.
   829 | D:1      | 829 ||| READING scroll labelled ZOONOTHEOQO.
   830 | D:1      | 830 ||| READING scroll labelled IHUS QOARCH.
   831 | D:1      | 831 ||| READING scroll labelled VEDANI GUHOHA.
   834 | D:1      | 834 ||| READING scroll labelled LISKEU CIRCH.
   849 | D:1      | 849 ||| READING 2 scrolls labelled SYQ PAEXEREMP.
   850 | D:1      | 850 ||| READING scroll labelled BIYWNI LUOHIU.
   851 | D:1      | 851 ||| READING scroll labelled ULAUS ODDETY.
   852 | D:1      | 852 ||| READING 2 scrolls labelled BOS YB MOBLYMUCUP.
   853 | D:1      | 853 ||| READING scroll labelled XIULURIASE.
   954 | D:1      | 954 ||| READING scroll labelled RAN BAYRPHIC.
   955 | D:1      | 955 ||| DROPPING scroll of poison.
   956 | D:1      | 956 ||| DROPPING scroll of immolation.
  1010 | D:2      | 1010 ||| Stepping ~*~*~tactically~*~*~ (stealth).
  1032 | D:2      | 1032 ||| Stepping ~*~*~tactically~*~*~ (stealth).
  1037 | D:2      | 1037 ||| Stepping ~*~*~tactically~*~*~ (stealth).
  1119 | D:2      | 1119 ||| Stepping ~*~*~tactically~*~*~ (stealth).
  1131 | D:2      | Reached XP level 4. HP: 26/28 MP: 4/4
  1168 | D:2      | Reached skill level 4 in Axes
  1254 | D:2      | 1254 ||| Stepping ~*~*~tactically~*~*~ (stealth).
  1470 | D:2      | 1470 ||| UPGRADING to +0 chain mail.
  1480 | D:2      | 1480 ||| DROPPING +0 scale mail.
  1481 | D:2      | 1481 ||| UPGRADING to +0 helmet.
  1486 | D:2      | 1486 ||| READING 2 scrolls labelled ANUGUMM NESEWK.
  1509 | D:3      | 1509 ||| Stepping ~*~*~tactically~*~*~ (stealth).
  1612 | D:3      | 1612 ||| DROPPING +0 mace.
  1653 | D:3      | 1653 ||| Stepping ~*~*~tactically~*~*~ (stealth).
  1665 | D:3      | Reached XP level 5. HP: 27/32 MP: 5/5
  1891 | D:3      | 1891 ||| DROPPING +0 whip of draining.
  2082 | D:3      | 2082 ||| READING scroll labelled MEWUEPN BAZARO.
  2083 | D:3      | 2083 ||| READING 2 scrolls labelled JEHEUNAYRPH.
  2084 | D:3      | 2084 ||| READING scroll of enchant armour.
  2084 | D:3      | 2084 ||| ENCHANTING +0 helmet.
  2085 | D:3      | 2085 ||| READING 2 scrolls of identify.
  2085 | D:3      | 2085 ||| IDENTIFYING smoky coppery potion
  2242 | D:4      | Identified the +7 war axe of Umox {antimagic, rN+ Str+4}
  2244 | D:4      | 2244 ||| SWAPPING to +7 war axe of Umox {antimagic, rN+
                  | Str+4}.
  2245 | D:4      | 2245 ||| DROPPING +1 war axe.
  2249 | D:4      | 2249 ||| Stepping ~*~*~tactically~*~*~ (stealth).
  2261 | D:4      | 2261 ||| Stepping ~*~*~tactically~*~*~ (stealth).
  2268 | D:4      | Reached skill level 1 in Throwing
  2577 | D:4      | Reached skill level 5 in Axes
  2693 | D:4      | 2693 ||| DRINKING 3 smoky puce potions.
  2738 | D:5      | Entered Level 5 of the Dungeon
  2788 | D:5      | Noticed an ogre
  2789 | D:5      | 2789 ||| Stepping ~*~*~tactically~*~*~ (hiding).
  2799 | D:5      | Reached XP level 6. HP: 28/38 MP: 2/6
  2803 | D:5      | Mangled by an ogre

Levels and vault maps discovered:
D:1:      ebering_hopf_link, layout_loops_ring, amcnicky_mini_pool_small
D:2:      layout_rooms
D:3:      layout_rooms
D:4:      layout_gridville
D:5:      minmay_diamond_boxcup, layout_basic, eat_drink_and_be_merry_uskayaw,
          ashenzari_conservatory_becter, zin_treasury, lemuel_temple_firewalk_a,
          dreamdust_gnoll_farm

Skill      XL: |  1  2  3  4  5 |
---------------+----------------+-----
Axes           | 2 3 4 5 |  5.0
Throwing       | 1 |  1.5
Fighting       | |  3.9
Armour         | |  3.2
Shields        | |  3.2

Action                   |  1- 3 |  4- 6 || total
-------------------------+-------+-------++-------
Melee: War axe           |   121 |   117 ||   238
Throw: Javelin           |       |    22 ||    22
  Use: Scroll            |    10 |     5 ||    15
       Potion            |       |     1 ||     1
Armor: Scale mail        |    67 |     8 ||    75
       Chain mail        |       |    93 ||    93
Dodge: Dodged            |    64 |    55 ||   119
Block: Buckler           |    18 |    22 ||    40

Table legend:
 A = Non-vault XP
 B = Vault XP
 C = Vault XP percentage of total XP
 D = Non-vault monster count
 E = Vault monster count
 F = Vault count percentage of total count
                 A         B        C        D         E       F
            +---------+---------+-------+---------+---------+-------
      Total |     353 |       0 |   0.0 |      95 |       0 |   0.0
            +---------+---------+-------+---------+---------+-------
        D:1 |      56 |       0 |   0.0 |      31 |       0 |   0.0
        D:2 |      53 |       0 |   0.0 |      22 |       0 |   0.0
        D:3 |      85 |       0 |   0.0 |      19 |       0 |   0.0
        D:4 |     106 |       0 |   0.0 |      21 |       0 |   0.0
        D:5 |      53 |       0 |   0.0 |       2 |       0 |   0.0
            +---------+---------+-------+---------+---------+-------
